 Dungeon Crawl Stone Soup version 0.22-a0-252-gcace5d2 (webtiles) character file.

51 mortelune the Chiller (level 3, -9/24 HPs)
             Began as a Demonspawn Ice Elementalist on Mar 2, 2018.
             Mangled by an orc
             ... wielding a +0 war axe
              (10 damage)
             ... on level 3 of the Dungeon.
             The game lasted 00:05:34 (2149 turns).

mortelune the Chiller (Demonspawn Ice Elementalist) Turns: 2149, Time: 00:05:34

Health: -9/24      AC:  2    Str:  8    XL:     3   Next: 58%
Magic:  4/6        EV: 12    Int: 17    God:
Gold:   61         SH:  0    Dex: 13    Spells: 4/7 levels left

rFire    . . .     SeeInvis .   b - +0 dagger
rCold    . . .     Gourm    .   (no shield)
rNeg     . . .     Faith    .   a - +0 robe
rPois    .         Spirit   .   (no helmet)
rElec    .         Reflect  .   (no cloak)
rCorr    .         Harm     .   (no gloves)
MR       .....                  (no boots)
Stlth    ++........             (no amulet)
HPRegen  0.08/turn              (no ring)
MPRegen  0.10/turn              (no ring)

@: no status effects
A: powered by death 1
a: no special abilities


You were on level 3 of the Dungeon.
You were not hungry.

You visited 1 branch of the dungeon, and saw 3 of its levels.

You collected 61 gold pieces.

Inventory:

Hand Weapons
 b - a +0 dagger (weapon)
Armour
 a - a +0 robe (worn)
Jewellery
 g - an uncursed ring of poison resistance {unknown}
Scrolls
 d - 2 scrolls of immolation {unknown}
 e - a scroll of enchant weapon {unknown}
 f - 2 scrolls of remove curse {unknown}
Comestibles
 c - 5 rations


   Skills:
 - Level 1.7 Dodging
 - Level 1.7 Stealth
 + Level 2.5 Spellcasting
 + Level 1.6 Conjurations
 * Level 3.6 Ice Magic


You had 4 spell levels left.
You knew the following spells:

 Your Spells              Type           Power        Failure   Level  Hunger
a - Freeze                Ice            ##..         4%          1    #......
b - Throw Frost           Conj/Ice       ##....       10%         2    ##.....


Dungeon Overview and Level Annotations

Branches:
Dungeon (3/15)

Altars:

Annotations:
D:2 Sigmund


Innate Abilities, Weirdness & Mutations

You regenerate a little health from kills.


Message History

You eat one of the 6 rations.
That ration really hit the spot!
The orc hits you with a war axe!
* * * LOW HITPOINT WARNING * * *
Casting: Freeze (safe; 4% risk of failure)
Confirm with . or Enter, or press ? or * to list all spells.
Aiming: Freeze (safe; 4% risk of failure)
Press: ? - help, Shift-Dir - straight line, f - orc
Aim: an orc, wielding a war axe and wearing a leather armour You freeze the orc.
The orc is moderately wounded.
The orc barely misses you.
Casting: Freeze (safe; 4% risk of failure)
Confirm with . or Enter, or press ? or * to list all spells.
Aiming: Freeze (safe; 4% risk of failure)
Press: ? - help, Shift-Dir - straight line, f/p - orc
Aim: an orc, wielding a war axe and wearing a leather armour (moderately wounded)
You freeze the orc.
The orc is almost dead.
The orc hits you with a war axe!
You die...

#...# #.# .#.#
.....# #.##.. #
......# #.#.##.#
.......###....#.####
.......')...........
.......###....###.##
......# ###..#
.....# ##.###.#
#...# #@o...# ##+#
###.### .# #


You could see an orc.

Vanquished Creatures
  An adder (D:3)
  A dart slug (D:1)
  A leopard gecko (D:1)
  3 orcs (D:3)
  A giant cockroach (D:2)
  4 goblins
  5 hobgoblins
  9 bats
  4 frilled lizards (D:1)
  4 kobolds
  3 rats
36 creatures vanquished.

Notes
Turn   | Place    | Note
-------+----------+-------------------------------------------
     0 | D:1      | mortelune the Demonspawn Ice Elementalist began the quest for the Orb.
     0 | D:1      | Reached XP level 1. HP: 13/13 MP: 3/3
   304 | D:1      | Reached skill level 3 in Ice Magic
   413 | D:1      | Gained mutation: You regenerate a little health from kills. [demonic ancestry]
   413 | D:1      | Reached XP level 2. HP: 19/19 MP: 1/5
   417 | D:1      | Learned a level 2 spell: Throw Frost
  1439 | D:2      | Reached XP level 3. HP: 21/24 MP: 4/6
  1441 | D:2      | Noticed Sigmund
  2147 | D:3      | HP: 1/24 [orc/war axe (11)]
  2149 | D:3      | Mangled by an orc

Vault maps used:
D:1:      moated_graveyard_arrival
D:2:      uniq_sigmund
D:3:      uniq_jessica

Skill      XL: |  1 |
---------------+----+-----
Ice Magic      | 3 |  3.6
Dodging        | |  1.7
Stealth        | |  1.7
Spellcasting   | |  2.5
Conjurations   | |  1.6

Action                   || total
-------------------------++-------
Melee: Dagger            ||    24
 Cast: Freeze            ||    51
       Throw Frost       ||    12
  Eat: Chunk             ||     3
       Ration            ||     1
Armor: Robe              ||    12
Dodge: Dodged            ||    50

Table legend:
 A = Spawn XP
 B = Non-spawn XP
 C = Spawn XP percentage of total XP
 D = Spawn monster count
 E = Non-spawn monster count
 F = Spawn count percentage of total count
 G = Total turns spent on level
                    A         B        C        D         E        F      G
               +---------+---------+-------+---------+---------+-------+---------
         Total |       0 |      74 |   0.0 |       0 |      36 |   0.0 |  2149
               +---------+---------+-------+---------+---------+-------+---------
           D:1 |       0 |      40 |   0.0 |       0 |      24 |   0.0 |  1643
           D:2 |       0 |      12 |   0.0 |       0 |       8 |   0.0 |   445
           D:3 |       0 |      22 |   0.0 |       0 |       4 |   0.0 |    61
               +---------+---------+-------+---------+---------+-------+---------
